AoeStats
← 公鸡神探

MegaRandom

506147274Analyzed
4v4 RM · 20d ago on Sep 12, 2026· 45m 22s· 8 players
Game mode
Random Map
Map size
Large (8 player)
Population
200
Speed
Normal
Resources
Standard
Victory
Conquest
Starting age
Dark Age
Ending age
Imperial Age
RankedLock teamsTeams togetherTeam positionsShared explorationLock speedFull tech treeHidden civsTurbo modeCheats
Victory
Defeat
1264
+16
🇨🇳 Franks · China
1204
+18
🇨🇳 Italians · China
1202
+18
🇨🇳 Dravidians · China
1189
+19
🇲🇪 Teutons · Montenegro
1311
-20
🇲🇪 Georgians · Montenegro
1295
-19
🇺🇸 Britons · United States
1261
-18
🇲🇪 Wu · Montenegro
1157
-14
莞
4:38 Loom
11:46 Feudal Age
13:02 Double-Bit Axe
17:10 Fletching
24:01 Castle Age
24:28 Padded Archer Armor
25:27 Crossbowman
27:37 Bodkin Arrow
种田玩家打队友别打我
7:56 Loom
10:45 Feudal Age
12:06 Wheelbarrow
20:56 Castle Age
19:44 Bloodlines
20:19 Scale Barding Armor
26:13 Husbandry
27:28 Chain Barding Armor
31:35 Gold Mining
31:59 Double-Bit Axe
43:23 Hand Cart
42:54 Town Watch
47:07 Imperial Age
公鸡神探
11:49 Feudal Age
12:16 Man-at-Arms
13:03 Double-Bit Axe
19:14 Castle Age
18:28 Loom
19:21 Crossbowman
22:24 Fletching
24:37 Bodkin Arrow
31:03 Horse Collar
34:34 Wheelbarrow
34:32 Thumb Ring
34:25 Gold Mining
34:26 Stone Mining
37:29 Imperial Age
36:17 Thumb Ring
36:42 Bow Saw
39:10 Ballistics
38:53 Bracer
39:18 Elite Elephant Archer
40:31 Conscription
41:21 Chemistry
41:17 Padded Archer Armor
42:39 Leather Archer Armor
无甲的joe
1:11 Loom
9:49 Feudal Age
13:14 Forging
15:40 Scale Barding Armor
22:40 Castle Age
23:43 Gold Mining
24:17 Chain Barding Armor
27:07 Iron Casting
29:23 Double-Bit Axe
33:03 Bow Saw
35:39 Imperial Age
33:44 Wheelbarrow
34:25 Gold Shaft Mining
34:07 Stone Mining
35:45 Cavalier
36:26 Husbandry
40:17 Plate Barding Armor
40:42 Blast Furnace
40:37 Conscription
40:23 Paladin
43:44 Caravan
Soaking Dill
10:08 Feudal Age
11:15 Double-Bit Axe
11:50 Fletching
14:40 Loom
15:27 Padded Archer Armor
20:14 Castle Age
21:16 Crossbowman
22:32 Bow Saw
22:39 Gold Mining
23:14 Bodkin Arrow
27:55 Squires
30:21 Leather Archer Armor
30:47 Ballistics
31:13 Wheelbarrow
30:50 Pikeman
31:55 Scale Mail Armor
35:12 Forging
38:23 Hand Cart
38:50 Town Watch
47:27 Imperial Age
Emp
0:59 Loom
12:35 Feudal Age
12:37 Man-at-Arms
13:02 Arson
15:49 Double-Bit Axe
19:29 Castle Age
17:23 Fishing Lines
22:04 Fletching
22:59 Bodkin Arrow
33:49 Bow Saw
34:09 Horse Collar
35:30 Wheelbarrow
34:48 Town Watch
38:03 Heavy Plow
41:29 Imperial Age
39:59 Scale Mail Armor
40:39 Hand Cart
40:47 Forging
41:09 Chain Mail Armor
41:48 Squires
41:34 Gambesons
42:27 Iron Casting
42:21 Masonry
42:33 Ballistics
42:56 Conscription
43:29 Crenellations
43:59 Plate Mail Armor
43:43 Elite Teutonic Knight
Bager
2:54 Loom
10:48 Feudal Age
12:29 Scale Barding Armor
12:35 Forging
20:16 Bloodlines
20:16 Double-Bit Axe
24:26 Castle Age
25:03 Scale Mail Armor
28:00 Chain Barding Armor
28:44 Husbandry
29:21 Fishing Lines
30:08 Gold Mining
33:37 Iron Casting
34:56 Medium Warships
42:55 Imperial Age
40:29 Gillnets
42:57 Cavalier
44:00 Conscription
44:21 Plate Barding Armor
rmilun
0:51 Loom
3:30 Loom
7:52 Loom
11:48 Feudal Age
12:31 Double-Bit Axe
18:05 Castle Age
16:57 Fishing Lines
17:34 Bloodlines
17:46 Scale Barding Armor
18:53 Light Cavalry
23:28 Chain Barding Armor
23:18 Forging
23:42 Gillnets
25:00 Husbandry
26:00 Fletching
28:11 Gold Mining
30:09 Medium Warships
34:02 Wheelbarrow
40:58 Bow Saw
44:34 Ballistics
44:33 Bodkin Arrow
44:39 Padded Archer Armor
Connection lost

Rejoining the realm…

Still unreachable

The connection could not be restored.

Session expired

The server has moved on; the page needs a fresh start.